AoeStats
← MaxedWayOut

Arabia

510212561Analyzed
1v1 RM · 13h ago on Sep 30, 2026· 48m 3s· 2 players
Game mode
Random Map
Map size
Tiny (2 player)
Population
200
Speed
Normal
Resources
Standard
Victory
Conquest
Starting age
Dark Age
Ending age
Imperial Age
RankedLock teamsTeams togetherTeam positionsShared explorationLock speedFull tech treeHidden civsTurbo modeCheats
Victory
Defeat
🇺🇸 Franks · United States
801
+15
🇺🇸 Magyars · United States
790
-15
MaxedWayOut
5:15 Loom
6:04 Loom
9:18 Feudal Age
13:06 Scale Barding Armor
20:50 Gold Mining
23:46 Castle Age
23:37 Fletching
23:48 Padded Archer Armor
24:04 Bloodlines
25:32 Husbandry
25:24 Double-Bit Axe
27:33 Wheelbarrow
27:15 Bow Saw
26:48 Horse Collar
27:06 Bodkin Arrow
28:11 Pikeman
29:31 Leather Archer Armor
40:35 Hand Cart
45:48 Imperial Age
45:39 Scale Barding Armor
Materia_Fox
8:21 Loom
10:29 Feudal Age
12:00 Double-Bit Axe
15:31 Wheelbarrow
22:13 Castle Age
20:01 Town Watch
21:01 Gold Mining
21:45 Scale Barding Armor
22:45 Forging
23:40 Chain Barding Armor
26:09 Bow Saw
27:16 Husbandry
28:14 Fletching
28:28 Elite Skirmisher
32:31 Bodkin Arrow
36:25 Gold Shaft Mining
36:49 Hand Cart
41:49 Imperial Age
40:06 Ballistics
42:50 Conscription
Connection lost

Rejoining the realm…

Still unreachable

The connection could not be restored.

Session expired

The server has moved on; the page needs a fresh start.